 Dungeon Crawl Stone Soup version 0.29-a0-337-g68df138881 (webtiles) character file.

Game seed: 18299922446943512304

523 Agony the Skirmisher (level 7, 0/62 HPs)
             Began as a Minotaur Fighter on Apr 16, 2022.
             Was a High Priest of Ignis.
             Succumbed to a kobold brigand's curare-tipped dart
             ... on level 4 of the Dungeon.
             The game lasted 00:10:33 (3386 turns).

Agony the Skirmisher (Minotaur Fighter)             Turns: 3386, Time: 00:10:34

Health: 0/62       AC:  7    Str: 22    XL:     7   Next: 2%
Magic:  6/6        EV:  9    Int:  5    God:    Ignis [*****.]
Gold:   147        SH:  5    Dex: 10    Spells: 6/6 levels left

rFire   + . .      SeeInvis .   a - +1 flail
rCold   . . .      Faith    .   c - +0 buckler
rNeg    . . .      Spirit   .   b - +0 scale mail
rPois   .          Reflect  .   (helmet restricted)
rElec   .          Harm     .   (no cloak)
rCorr   .          Rampage  .   (no gloves)
Will    +....                   (no boots)
Stlth   ..........              (no amulet)
HPRegen 0.20/turn               e - ring of willpower
MPRegen 0.10/turn               (no ring)

@: lethally poisoned (0 -> -3), slowed, very slow
A: horns 2, retaliatory headbutt
a: Renounce Religion, Fiery Armour, Foxfire Swarm, Rising Flame


You were on level 4 of the Dungeon.
You worshipped Ignis.
Ignis was extremely pleased with you.
You visited 1 branch of the dungeon, and saw 4 of its levels.

You collected 147 gold pieces.

Inventory:

Hand Weapons
 a - a +1 flail (weapon)
Armour
 b - a +0 scale mail (worn)
 c - a +0 buckler (worn)
 o - a +0 plate armour
Jewellery
 e - a ring of willpower (left hand)
 g - a +6 ring of strength
Wands
 h - a wand of charming (7)
 q - a wand of digging (6)
Scrolls
 f - 3 scrolls of teleportation
 i - a scroll of enchant weapon
 j - 2 scrolls of blinking
 k - a scroll of summoning
 m - 2 scrolls of fog {unknown}
 r - a scroll of fear {unknown}
Potions
 d - 3 potions of might
 l - a potion of haste {unknown}
 n - a potion of mutation {unknown}
 p - a potion of curing {unknown}
 s - a potion of cancellation {unknown}


   Skills:
 + Level 5.7 Fighting
 + Level 5.0 Maces & Flails
 + Level 5.7 Armour
 + Level 5.7 Shields


You had 6 spell levels left.
You didn't know any spells.
Your spell library contained the following spells:

 Spells                   Type           Power      Damage    Failure   Level
 Freeze                   Ice            0%         1d3       86%         1
 Conjure Flame            Conj/Fire      0%         6-21      99%         3
 Ignite Poison            Fire/Tmut/Pois 0%         N/A       99%         3
 Sticky Flame             Conj/Fire      0%         2d3       100%        4
 Freezing Cloud           Conj/Ice/Air   0%         6-21      100%        5
 Conjure Ball Lightning   Conj/Air       0%         3x3d6     100%        6
 Lehudib's Crystal Spear  Conj/Erth      0%         10d2      100%        8


Dungeon Overview and Level Annotations

Branches:
Dungeon (4/15)
 Temple: D:4-7

Altars:
Makhleb
Ignis

Shops:
D:2 :


Innate Abilities, Weirdness & Mutations

You have a pair of horns on your head.
You reflexively headbutt those who attack you in melee.


Message History

You have reached level 7!
A dart slug, a goblin and a kobold brigand come into view.
The kobold brigand is wielding a +2 whip of pain and quivering curare-tipped darts.
Found a hunting sling and a scroll of blinking.
The goblin shouts!
The kobold brigand shouts!
The kobold brigand throws a curare-tipped dart.
The curare-tipped dart hits you.
You are poisoned.
You have difficulty breathing.
You feel yourself slow down.
You feel very sick.
The kobold brigand attacks as you move away!
The kobold brigand barely misses you.
You feel very sick.
The kobold brigand throws a curare-tipped dart.
The curare-tipped dart hits you.
You are more poisoned.
You have difficulty breathing.
You feel as though you will be slow longer.
You feel extremely sick.
There is an open door here.
You closely miss the kobold brigand.
You feel very sick.
The kobold brigand hits you with a +2 whip of pain.
* * * LOW HITPOINT WARNING * * *
You writhe in agony.
* * * LOW HITPOINT WARNING * * *
You feel very sick.
The kobold brigand hits you but does no damage.
You feel sick.
You feel sick.
The kobold brigand hits you with a +2 whip of pain.
* * * LOW HITPOINT WARNING * * *
You writhe in agony.
* * * LOW HITPOINT WARNING * * *
Blink to where?
Press: ? - help, Dir - move target
As you read the scroll of blinking, it crumbles to dust.
* * * LOW HITPOINT WARNING * * *
You feel sick.
You die...

#.#.# #.......#####..###+#..###.
#.#.# #.......# #......)....#.
#...####.......# ##.##...#†#.#.
#...##.........# #...#...#.....
#...#..#......### #...#...##....
#.#.#<.#........####...##.###....
#.#..............................
#.#.#..###......###....##.####..#
#.#.##.# ####...@......##........
....###############....########..
..............................#
<÷..###############..K.######.#
######## # #####.###....# +.##.?
#..g...##....## #..##.w
##w###..#......# ..#.##..
#..#..###......# ###..#.##g.
##.###.(##......#


There were no monsters in sight!

Vanquished Creatures
  Grinder (D:3)
  2 phantoms (D:4)
  A scorpion (D:4)
  An iguana (D:4)
  Robin (D:3)
  A gnoll (D:2)
  2 dart slugs (D:1)
  5 orcs (D:4)
  3 ball pythons
  4 endoplasms
  3 giant cockroaches
  10 hobgoblins
  4 kobolds
  4 quokkas
  6 bats
  3 frilled lizards
  15 goblins
  5 rats
71 creatures vanquished.

Notes
Turn   | Place    | Note
-------+----------+-------------------------------------------
     0 | D:1      | Agony the Minotaur Fighter began the quest for the Orb.
     0 | D:1      | Reached XP level 1. HP: 19/19 MP: 0/0
   181 | D:1      | You fall into a shaft and drop 1 floor!
   199 | D:2      | Reached XP level 2. HP: 27/27 MP: 1/1
   231 | D:2      | Found Teweosy's Book Shoppe.
   448 | D:2      | Got Sif Muna's Catalogue of Confrontation and the
                  | Snowflakes
   794 | D:1      | Reached XP level 3. HP: 33/33 MP: 2/2
  1253 | D:1      | Found a faded altar of an unknown god.
  1265 | D:1      | Prayed at the altar of an unknown god.
  1265 | D:1      | Became a worshipper of Ignis, the Dying Flame
  1592 | D:3      | Noticed Grinder
  1603 | D:3      | Paralysed by Grinder for 2 turns
  1607 | D:3      | Noticed Robin
  1611 | D:3      | Killed Grinder
  1612 | D:3      | Reached skill level 5 in Fighting
  1612 | D:3      | Reached skill level 5 in Armour
  1612 | D:3      | Reached skill level 5 in Shields
  1612 | D:3      | Reached XP level 4. HP: 15/42 MP: 3/3
  1612 | D:3      | Reached XP level 5. HP: 18/48 MP: 4/4
  1924 | D:3      | Killed Robin
  2156 | D:3      | Reached XP level 6. HP: 56/56 MP: 5/5
  2326 | D:3      | Found a burning altar of Makhleb.
  3360 | D:4      | Reached skill level 5 in Maces & Flails
  3360 | D:4      | Reached XP level 7. HP: 60/62 MP: 6/6
  3384 | D:4      | HP: 2/62 [kobold brigand/+2 whip of pain (2)]
  3386 | D:4      | Succumbed to a kobold brigand's curare-tipped dart

Illustrated notes

Levels and vault maps discovered:
D:1:      lightli_arrival_noodles, layout_basic,
          shapermc_ecumenical_altar_totnotflames, minmay_pentomino_s2
D:2:      minmay_inner_zag, layout_rooms, serial_shops,
          nicolae_shop_hallway_stairs
D:3:      layout_basic, lemuel_coloured_pillars_altar, uniq_robin, uniq_grinder
D:4:      minmay_razor_zed, layout_basic, minitemple, minmay_misc_feat_pillars

Skill      XL: |  1  2  3  4  5  6 |
---------------+-------------------+-----
Fighting       | 4 5 |  5.7
Armour         | 4 5 |  5.7
Shields        | 4 5 |  5.7
Maces & Flails | 3 4 5 |  5.0

Action                   |  1- 3 |  4- 6 |  7- 9 || total
-------------------------+-------+-------+-------++-------
Melee: Flail             |    64 |    81 |     1 ||   146
       Headbutt          |     8 |    16 |       ||    24
  Use: Potion            |     1 |       |       ||     1
       Scroll            |       |     5 |     1 ||     6
Armor: Scale mail        |    30 |    44 |     1 ||    75
Dodge: Dodged            |    33 |    49 |     1 ||    83
Block: Buckler           |     3 |    37 |       ||    40

Table legend: (Time is in decaauts)
 A = Elapsed time spent in this place.
 B = Non-inter-level travel time spent in this place.
 C = Inter-level travel time spent in this place.
 D = Time resting spent in this place.
 E = Time spent auto-exploring this place.
 F = Levels seen in this place.
 G = Mean time per level.
                   A        B        C        D        E       F      G
               +--------+--------+--------+--------+--------+-----+--------+
         Total |   3429 |   3386 |     43 |    698 |   1990 |   4 |  857.2 |
       Dungeon |   3429 |   3386 |     43 |    698 |   1990 |   4 |  857.2 |
               +--------+--------+--------+--------+--------+-----+--------+

Top non-repeatable levels by time:
     D:3: 932 daAuts
     D:1: 926 daAuts
     D:2: 919 daAuts
     D:4: 650 daAuts
